 Dungeon Crawl Stone Soup version 0.19.5 (webtiles) character file.

90 Keye the Conjurer (level 4, -13/24 HPs)
             Began as a Deep Elf Conjurer on May 7, 2017.
             Mangled by a gnoll
             ... wielding a +0 halberd
              (15 damage)
             ... on level 2 of the Dungeon.
             The game lasted 00:03:12 (1498 turns).

Keye the Conjurer (Deep Elf Conjurer)               Turns: 1498, Time: 00:03:13

Health: -13/24     AC:  2    Str:  6    XL:     4   Next: 32%
Magic:  4/10       EV: 13    Int: 20    God:
Gold:   72         SH:  0    Dex: 15    Spells: 3 memorised, 3 levels left

rFire  . . .     SeeInvis .     (no weapon)
rCold  . . .     Gourm    .     a - +0 robe
rNeg   . . .     Faith    .     (no shield)
rPois  .         Spirit   .     (no helmet)
rElec  .         Reflect  .     (no cloak)
rCorr  .         Harm     .     (no gloves)
MR     .....                    (no boots)
Stlth  ++........               (no amulet)
                                (no ring)
                                (no ring)

@: no status effects
A: no striking features
a: no special abilities


You were on level 2 of the Dungeon.
You were not hungry.

You visited 1 branch of the dungeon, and saw 2 of its levels.

You collected 72 gold pieces.

Inventory:

Armour
 a - a +0 robe (worn)
Wands
 p - a wand of digging (11/24)
Scrolls
 d - a scroll of remove curse {unknown}
 e - a scroll of enchant weapon {unknown}
 f - 2 scrolls of identify {unknown}
 h - a scroll of noise {unknown}
 i - a scroll of amnesia {unknown}
 j - 2 scrolls of teleportation {unknown}
 k - a scroll of fear {unknown}
 l - a scroll of magic mapping {unknown}
Potions
 g - a potion of berserk rage {unknown}
Books
 b - a book of Conjurations

   Spells                             Type                      Level
   a - Magic Dart                     Conjuration                  1
   b - Searing Ray                    Conjuration                  2
   c - Dazzling Spray                 Conjuration/Hexes            3
   d - Fulminant Prism                Conjuration/Hexes            4
   e - Iskenderun's Mystic Blast      Conjuration                  4
   f - Iskenderun's Battlesphere      Conjuration/Charms           5
Comestibles
 c - 2 bread rations
 n - a beef jerky
 o - 2 meat rations


   Skills:
 - Level 2.4 Dodging
 - Level 2.4 Stealth
 - Level 3.0 Spellcasting
 + Level 6.4 Conjurations


You had 3 spell levels left.
You knew the following spells:

 Your Spells              Type           Power        Failure   Level  Hunger
a - Magic Dart            Conj           ####         1%          1    None
b - Searing Ray           Conj           ####..       1%          2    ##.....
c - Dazzling Spray        Conj/Hex       ###...       14%         3    ###....


Dungeon Overview and Level Annotations

Branches:
Dungeon (2/15)

Altars:


Message History

The searing ray hits the gnoll.
The gnoll is moderately wounded.
The gnoll misses you. The gnoll hits you with a halberd!
Ouch! That really hurt!
* * * LOW HITPOINT WARNING * * *
The searing ray hits the gnoll.
You kill the gnoll!
The gnoll completely misses you.
The searing ray hits the gnoll.
The gnoll is almost dead.
You finish channeling your searing ray.
The gnoll closely misses you.
Casting: Searing Ray
Confirm with . or Enter, or press ? or * to list all spells.
Aiming: Magic Dart
Press: ? - help, Shift-Dir - straight line The magic dart hits the gnoll.
The gnoll is almost dead.
The gnoll hits you from afar with a halberd!
Ouch! That really hurt!
You die...

..... #.##.# ....
#.##.# ... #.##.# ..##
###########'##+## .w.#
#...)...........# #..#
#...............# #..#
#...............#
#..#############'##+##
#..#.......# #@...#
#..#.......# #)####
#..#.......## #g#
#..'.)......####.#
#.##........#....#####
#)####...............#
#w# #...............#
#.# #......g........#
..# #...............#


You could see a gnoll.

Vanquished Creatures
  4 gnolls
  2 adders (D:2)
  A worm (D:2)
  2 dart slugs (D:1)
  A ball python (D:1)
  5 bats
  3 giant cockroaches
  3 goblins (D:1)
  4 hobgoblins
  A kobold (D:1)
  2 frilled lizards
  A rat (D:1)
29 creatures vanquished.

Notes
Turn   | Place    | Note
-------+----------+-------------------------------------------
     0 | D:1      | Keye the Deep Elf Conjurer began the quest for the Orb.
     0 | D:1      | Reached XP level 1. HP: 10/10 MP: 6/6
   251 | D:1      | Reached skill level 5 in Conjurations
   251 | D:1      | Reached XP level 2. HP: 15/15 MP: 2/8
   624 | D:1      | Reached XP level 3. HP: 19/19 MP: 5/9
   948 | D:2      | Learned a level 2 spell: Searing Ray
   952 | D:2      | Learned a level 3 spell: Dazzling Spray
  1098 | D:2      | Reached skill level 6 in Conjurations
  1150 | D:2      | Reached XP level 4. HP: 16/24 MP: 1/10
  1498 | D:2      | Mangled by a gnoll

Skill      XL: |  1  2  3 |
---------------+----------+-----
Conjurations   | 5 6 |  6.4
Dodging        | |  2.4
Stealth        | |  2.4
Spellcasting   | |  3.0

Action                   |  1- 3 |  4- 6 || total
-------------------------+-------+-------++-------
 Cast: Magic Dart        |    52 |     9 ||    61
       Searing Ray       |       |     2 ||     2
  Eat: Chunk             |       |     2 ||     2
Armor: Robe              |     5 |     4 ||     9
Dodge: Dodged            |    13 |    10 ||    23
